 Seeded DCSS version 0.30-a0-46-g5a63ccc183 (webtiles) character file.

Game seed: 17246712331252751712 (custom seed)

1442 wilfster70 the Cleaver (level 8, -7/71 HPs)
             Began as a Hill Orc Monk on Aug 31, 2022.
             Was a Priest of Beogh.
             Killed from afar by an acid dragon (32 damage)
             ... with a splash of acid
             ... on level 6 of the Dungeon on Sept 1, 2022.
             The game lasted 00:27:34 (6944 turns).

wilfster70 the Cleaver (Hill Orc Monk)              Turns: 6944, Time: 00:27:34

Health: -7/71      AC:  4    Str: 16    XL:     8   Next: 74%
Magic:  14/14      EV:  5    Int: 10    God:    Beogh [***...]
Gold:   949        SH:  0    Dex: 13    Spells: 7/7 levels left

rFire   . . .      SeeInvis .    a - +2 war axe
rCold   . . .      Faith    .    (no shield)
rNeg    . . .      Spirit   .    x - +0 plate armour
rPois   .          Reflect  .    A - +1 hat
rElec   .          Harm     .    (no cloak)
rCorr   .          Rampage  .    (no gloves)
Will    .....                    (no boots)
Stlth   ..........               (no amulet)
HPRegen 0.21/turn                (no ring)
MPRegen 0.14/turn                (no ring)

@: corroded, studying Invocations
A: no striking features
a: Renounce Religion, Smiting


You were on level 6 of the Dungeon.
You worshipped Beogh.
Beogh was most pleased with you.
You visited 1 branch of the dungeon, and saw 6 of its levels.
You also visited: Sewer.

You collected 949 gold pieces.

Inventory:

Hand Weapons
 a - a +2 war axe (weapon)
 d - the +11 bardiche of Excruciating Pain {vamp, +Blink rCorr Dex-3}
   (You acquired it on level 1 of the Dungeon)

   It occasionally heals its wielder for a portion of the damage dealt when it
   wounds a living foe.
   Dex:       It affects your dexterity (-3).
   +Blink:    It lets you blink.
   rCorr:     It protects you from acid and corrosion.
 f - a +0 glaive
Missiles
 i - 21 poisoned darts (quivered)
Armour
 x - a +0 plate armour (worn)
 A - a +1 hat (worn)
Jewellery
 m - a ring of ice
Wands
 k - a wand of paralysis (7)
 o - a wand of mindburst (3)
Scrolls
 c - 2 scrolls of summoning
 g - a scroll of teleportation
 h - 4 scrolls of fog
 j - a scroll of poison
 q - a scroll of amnesia
 r - a scroll of silence {unknown}
 u - a scroll of magic mapping
Potions
 b - a potion of magic
 e - 8 potions of curing
 l - a potion of cancellation {unknown}
 n - 3 potions of lignification
 p - a potion of flight {unknown}
 s - a potion of resistance {unknown}
 t - 3 potions of degeneration
 v - 2 potions of invisibility {unknown}
 z - 2 potions of mutation {unknown}
 B - a potion of might {unknown}
 C - 2 potions of attraction {unknown}


   Skills:
 + Level 6.9 Fighting
 * Level 10.0 Axes
 - Level 4.0 Armour
 - Level 2.4 Dodging
 - Level 1.5 Stealth
 + Level 8.4 Invocations


You had 7 spell levels left.
You didn't know any spells.
Your spell library contained the following spells:

 Spells                   Type           Power      Damage    Failure   Level
 Foxfire                  Conj/Fire      0%         2x1d4     100%        1
 Shock                    Conj/Air       0%         1d3       100%        1
 Blink                    Tloc           0%         N/A       100%        2
 Conjure Flame            Conj/Fire      0%         6-21      100%        3
 Inner Flame              Hex/Fire       0%         N/A       100%        3
 Lesser Beckoning         Tloc           0%         N/A       100%        3
 Flame Wave               Conj/Fire      0%         2d4       100%        4
 Manifold Assault         Tloc           0%         N/A       100%        5


Dungeon Overview and Level Annotations

Branches:
Dungeon (6/15)              Sewer (visited)
 Temple: D:4-7

Altars:
Dithmenos
Gozag
Kikubaaqudgha
Makhleb
Nemelex Xobeh
Ru
Sif Muna
Trog
Vehumet
Wu Jian


Message History

You swap places.
Found an escape hatch in the floor.
There is an escape hatch in the floor here.
You swap places.
As you open the door, it creaks loudly!
There is an open door here.
A jelly comes into view.
The jelly quivers.
The jelly moves out of view.
You hit the jelly.
Your hands burn!
The jelly is moderately wounded.
The jelly hits you but does no damage.
Your orc hits the jelly with a +0 whip.
Your orc is burned by acid!
You slash the jelly!
You kill the jelly!
Beogh accepts your kill.
Found a stone staircase leading up.
A hound comes into view.
The hound barks!
You hear a roar!
An acid dragon comes into view.
Found 22 gold pieces.
Found a stone staircase leading down.
The acid dragon spits acid at you. The splash of acid hits you!!
The acid corrodes you!
You miss the hound.
The hound bites you but does no damage. x2
You hit the hound but do no damage. The hound bites you but does no damage.
The acid dragon spits acid at you. The splash of acid hits you!
Your orc barely misses the hound.
The hound bites you. The hound closely misses you.
Your orc hits the hound but does no damage.
The acid dragon spits acid at you. The splash of acid hits you!
* * * LOW HITPOINT WARNING * * *
The acid corrodes you!
You feel much better. The hound bites you.
Your orc barely misses the hound.
Your orc hits the hound with a +0 club.
The hound bites you. x2; Your orc misses the hound.
Your orc closely misses the hound.
The acid dragon spits acid at you. The splash of acid hits you!!
You die...

##### #...##### # ####
#...#...######.#
...####...#...#......#
..............oh@...>#
...####...###.o.D.......
#### ##....#^#.#.......
# #...#.#.#..<...... #
#...#.#....#....#. #...#
.......#..# #...#
####......# #...#
..#$... #...#


You could see an acid dragon (catching breath), a hound (ally target) and 2
friendly orcs.

Vanquished Creatures
  3 black bears
  2 kobold brigands (Sewer)
  2 necrophages (D:5)
  A scorpion (D:5)
  5 hounds
  A jelly (D:6)
  An orc priest (D:6)
  A gnoll bouda (D:5)
  3 iguanas
  8 orc wizards
  9 gnolls (D:5)
  11 adders
  3 river rats
  2 ufetubi
  3 worms
  4 dart slugs
  9 orcs
  5 ball pythons
  3 bats
  6 endoplasms
  8 giant cockroaches
  5 hobgoblins
  3 quokkas
  A frilled lizard (D:2)
  5 goblins
  9 kobolds
  5 rats
118 creatures vanquished.

Vanquished Creatures (collateral kills)
  An orc wizard (D:6)
  An orc (D:6)
2 creatures vanquished.

Vanquished Creatures (others)
  A ball python (D:3)
1 creature vanquished.

Grand Total: 121 creatures vanquished

Notes
Turn   | Place    | Note
-------+----------+-------------------------------------------
     0 | D:1      | wilfster70 the Hill Orc Monk began the quest for the Orb.
     0 | D:1      | Reached XP level 1. HP: 19/19 MP: 1/1
   310 | D:1      | Identified a scroll of acquirement
   310 | D:1      | Acquired the +11 bardiche of Excruciating Pain {vamp,
                  | +Blink rCorr Dex-3}
   443 | D:1      | Acquired a manual of Invocations
   471 | D:1      | Reached XP level 2. HP: 27/27 MP: 2/2
   940 | D:1      | Reached skill level 1 in Armour
  1346 | D:2      | Reached XP level 3. HP: 33/33 MP: 3/3
  1372 | D:2      | Found a faded altar of an unknown god.
  1556 | D:2      | Reached skill level 5 in Axes
  1929 | D:3      | Became a worshipper of Beogh the Brigand
  1929 | D:3      | Reached * piety under Beogh
  1929 | D:3      | Reached ** piety under Beogh
  2031 | D:3      | Found a glowing drain.
  2049 | D:3      | Reached skill level 1 in Invocations
  2064 | D:3      | Reached XP level 4. HP: 11/40 MP: 4/4
  2091 | Sewer    | Entered a sewer
  2441 | Sewer    | Acquired 719 gold pieces
  2774 | Sewer    | Noticed a kobold brigand
  2781 | Sewer    | Reached XP level 5. HP: 38/47 MP: 6/6
  2784 | Sewer    | Killed a kobold brigand
  2785 | Sewer    | Reached skill level 6 in Axes
  3210 | Sewer    | Reached XP level 6. HP: 54/55 MP: 8/8
  3228 | Sewer    | Reached skill level 5 in Fighting
  3657 | D:3      | Found an ornate altar of the Wu Jian Council.
  3842 | D:3      | Found a shimmering blue altar of Sif Muna.
  3849 | D:3      | Reached skill level 7 in Axes
  3900 | D:3      | Found an ancient bone altar of Kikubaaqudgha.
  3910 | D:3      | Found a radiant altar of Vehumet.
  3921 | D:3      | Reached XP level 7. HP: 17/61 MP: 10/10
  3940 | D:3      | Reached skill level 5 in Invocations
  4188 | D:3      | Got Vehumet's Parchment of Attacks
  4290 | D:3      | Found a burning altar of Makhleb.
  4302 | D:3      | Found an opulent altar of Gozag.
  4421 | D:4      | Found a bloodstained altar of Trog.
  4759 | D:4      | Found a sacrificial altar of Ru.
  5075 | D:5      | Entered Level 5 of the Dungeon
  5083 | D:4      | Reached skill level 8 in Axes
  5522 | D:5      | Reached XP level 8. HP: 65/70 MP: 12/12
  5569 | D:5      | Found a shadowy altar of Dithmenos.
  5997 | D:5      | Upgraded the game from 0.30-a0-43-gbbf338a72c to
                  | 0.30-a0-46-g5a63ccc183
  6061 | D:5      | Reached skill level 9 in Axes
  6223 | D:5      | Reached *** piety under Beogh
  6558 | D:5      | Found a sparkling altar of Nemelex Xobeh.
  6860 | D:6      | Reached skill level 10 in Axes
  6944 | D:6      | Killed from afar by an acid dragon

Illustrated notes

Levels and vault maps discovered:
D:1:      evilmike_arrival_plus, layout_rooms
D:2:      minmay_evil_eye, layout_loops_ring, ebering_ecumenical_altar_box
D:3:      layout_basic, palyth_temple_overflow_mages, nzn_wu_jian_contemplation,
          amethyst_overflow_temple_binary, portal_sewer_entry_c
D:4:      layout_basic, trog_book, nicolae_ru_great_annihilating_truth
D:5:      layout_loops_ring, nicolae_dithmenos_the_darkroom,
          overflow_temple_1_default
D:6:      layout_basic

Skill      XL: |  1  2  3  4  5  6  7  8 |
---------------+-------------------------+-----
Armour         | 1 2 3 4 |  4.0
Fighting       | 4 5 6 |  6.9
Axes           | 5 6 7 8 10 | 10.0
Invocations    | 1 2 3 4 6 8 |  8.4
Dodging        | |  2.4
Stealth        | |  1.5

Action                   |  1- 3 |  4- 6 |  7- 9 || total
-------------------------+-------+-------+-------++-------
Melee: Hand axe          |    61 |       |       ||    61
       War axe           |    36 |   137 |   203 ||   376
       Punch             |       |     4 |     6 ||    10
Invok: Convert to Beogh  |     1 |       |       ||     1
       Smiting           |       |     2 |     2 ||     4
  Use: Scroll            |     2 |     6 |    11 ||    19
       Potion            |       |     1 |     2 ||     3
 Stab: Sleeping          |     3 |       |       ||     3
       Paralysed         |       |       |     2 ||     2
Armor: Robe              |     9 |       |       ||     9
       Ring mail         |    13 |    38 |       ||    51
       Plate armour      |       |    26 |   179 ||   205
Dodge: Dodged            |    70 |    82 |    65 ||   217

Table legend: (Time is in decaauts)
 A = Elapsed time spent in this place.
 B = Non-inter-level travel time spent in this place.
 C = Inter-level travel time spent in this place.
 D = Time resting spent in this place.
 E = Time spent auto-exploring this place.
 F = Levels seen in this place.
 G = Mean time per level.
                   A        B        C        D        E       F      G
               +--------+--------+--------+--------+--------+-----+--------+
         Total |   7087 |   6931 |    156 |   2626 |   2149 |   7 | 1012.4 |
       Dungeon |   5806 |   5650 |    156 |   1786 |   2092 |   6 |  967.7 |
         Sewer |   1281 |   1281 |      0 |    840 |     57 |   1 | 1281.0 |
               +--------+--------+--------+--------+--------+-----+--------+

Top non-repeatable levels by time:
     D:5: 1452 daAuts
     D:1: 1301 daAuts
     D:3: 1287 daAuts
   Sewer: 1281 daAuts
     D:4: 912 daAuts
     D:2: 600 daAuts
     D:6: 251 daAuts
